cohdb
Replays
Latest Replays
All Replays
Popular Replays
Top Player Replays
Match Explorer
How It Works
Community
CoH3 Stats
Reddit
Sign in to upload your games and track your stats! →
Sign in with Steam
Match 45584655
Unlisted
Match 45584655
Overview
Messages
Build Orders
End
Construct Infanterie Kompanie
Selects Mechanized Battlegroup
MG 42 Machine Gun Team
MG 42 Machine Gun Team
GrW 34 Mortar Team
MG 42 Machine Gun Team
Construct Luftwaffe Kompanie
221 Scout Car
Jäger Squad
Selects Mobile Repair Stations
Jäger Squad
Selects Wespe Self-propelled Artillery
Wespe Self-propelled Artillery
Jäger Squad
Jäger Squad
AI Takeover
苦寻成都富婆
✠ HOLY DIVER ✠
DoPPing
VlaDiVerSky
RitraXP
alex You
Chaotic
Deep Blue Fish
0
0
Comments
sign in to comment!
No comments posted yet!